 Dungeon Crawl Stone Soup version 0.22-a0-775-ga7d80019b5 (webtiles) character file.

162 Mirvelgyr the Chopper (level 5, -1/46 HPs)
             Began as a Minotaur Berserker on July 18, 2018.
             Was a Priest of Trog.
             Slain by a hippogriff (10 damage)
             ... on level 4 of the Dungeon.
             The game lasted 00:02:59 (2336 turns).

Mirvelgyr the Chopper (Minotaur Berserker)          Turns: 2336, Time: 00:03:00

Health: -1/46      AC:  4    Str: 22    XL:     5   Next: 19%
Magic:  4/4        EV: 12    Int:  4    God:    Trog [***...]
Gold:   150        SH:  0    Dex: 10    Spells: 4/4 levels left

rFire    . . .     SeeInvis .   q - +0 war axe
rCold    . . .     Gourm    .   (no shield)
rNeg     . . .     Faith    .   b - +0 animal skin
rPois    .         Spirit   .   (helmet restricted)
rElec    .         Reflect  .   (no cloak)
rCorr    .         Harm     .   h - +0 pair of gloves
MR       .....                  o - +0 pair of boots
Stlth    +.........             (no amulet)
HPRegen  0.15/turn              (no ring)
MPRegen  0.09/turn              (no ring)

@: drained
A: retaliatory headbutt, horns 2
a: Berserk, Trog's Hand, Renounce Religion


You were on level 4 of the Dungeon.
You worshipped Trog.
Trog was most pleased with you.
You were not hungry.

You visited 1 branch of the dungeon, and saw 4 of its levels.

You collected 150 gold pieces.

Inventory:

Hand Weapons
 q - a +0 war axe (weapon)
Armour
 b - a +0 animal skin (worn)
 h - a +0 pair of gloves (worn)
 o - a +0 pair of boots (worn)
Wands
 a - a wand of random effects (33)
 p - a wand of disintegration (10)
Scrolls
 e - 2 scrolls of blinking {unknown}
 g - 3 scrolls of remove curse
 i - a scroll of enchant armour {unknown}
 l - 2 scrolls of teleportation {unknown}
 m - a scroll of random uselessness {unknown}
 n - a scroll of immolation {unknown}
 r - a scroll of identify {unknown}
Potions
 f - 3 potions of agility {unknown}
 j - 2 potions of curing {unknown}
 k - 2 potions of might {unknown}
Comestibles
 c - 7 rations
 d - 4 chunks of flesh


   Skills:
 - Level 4.1(3.9) Fighting
 + Level 6.2(5.9) Axes
 - Level 3.1(2.9) Armour
 - Level 2.8(2.6) Dodging


You had 4 spell levels left.
You didn't know any spells.
Your spell library was empty.

Dungeon Overview and Level Annotations

Branches:
Dungeon (4/15)
 Temple: D:4-7

Altars:


Innate Abilities, Weirdness & Mutations

You reflexively headbutt those who attack you in melee.
You have a pair of horns on your head.


Message History

The hippogriff bites you!
The hippogriff pecks you but does no damage.
The hippogriff claws you.
You are too injured to fight recklessly!
You are too injured to fight recklessly!
You are too injured to fight recklessly!
You are too injured to fight recklessly!
You slash the hippogriff!
The hippogriff is almost dead.
The hippogriff barely misses you. The hippogriff misses you.
The hippogriff claws you.
* * * LOW HITPOINT WARNING * * *
You barely miss the hippogriff.
The hippogriff is almost dead.
The hippogriff bites you.
* * * LOW HITPOINT WARNING * * *
The hippogriff barely misses you.
The hippogriff claws you but does no damage.
The hippogriff bites you!
You die...

.# #.# #..# ...?
#####..# ......#
#?####H....# .#
#.....@##### .#
#..........## .#
#.#...####..####.#
### ###. ##....#.#
##.. #.
####.#.###... ..
#.#....<.. ##
#..##.....
##...#....
###.##...


You could see a hippogriff.

Vanquished Creatures
  A hound (D:2)
  A gnoll (D:1)
  2 adders (D:3)
  3 oozes (D:1)
  A worm (D:3)
  A dart slug (D:1)
  2 ball pythons
  6 giant cockroaches
  8 goblins
  9 hobgoblins
  13 jackals
  2 quokkas (D:2)
  13 bats
  6 frilled lizards
  8 kobolds
  8 rats
84 creatures vanquished.

Notes
Turn   | Place    | Note
-------+----------+-------------------------------------------
     0 | D:1      | Mirvelgyr the Minotaur Berserker began the quest for the Orb.
     0 | D:1      | Reached XP level 1. HP: 19/19 MP: 0/0
     1 | D:1      | Found a runed door.
   255 | D:1      | Reached XP level 2. HP: 27/27 MP: 1/1
   258 | D:1      | Reached skill level 4 in Axes
   268 | D:1      | Reached XP level 3. HP: 32/33 MP: 2/2
   396 | D:1      | Reached ** piety under Trog
  1124 | D:2      | Reached XP level 4. HP: 40/40 MP: 3/3
  1184 | D:2      | Reached skill level 5 in Axes
  1807 | D:3      | Reached *** piety under Trog
  1845 | D:3      | Reached XP level 5. HP: 36/46 MP: 4/4
  1896 | D:3      | Reached skill level 6 in Axes
  2330 | D:4      | Noticed a hippogriff
  2336 | D:4      | Slain by a hippogriff

Vault maps used:
D:1:      dpeg_arrival_caged_fury
D:3:      first_ration

Skill      XL: |  1  2  3  4  5 |
---------------+----------------+-----
Axes           | 4 5 6 |  6.2
Fighting       | 4 |  4.1
Armour         | 3 |  3.1
Dodging        | |  2.8

Action                   |  1- 3 |  4- 6 || total
-------------------------+-------+-------++-------
Melee: Hand axe          |    85 |    65 ||   150
       Headbutt          |    15 |    18 ||    33
       War axe           |       |    18 ||    18
Invok: Berserk           |     1 |       ||     1
  Use: Scroll            |       |     1 ||     1
 Stab: Sleeping          |     1 |       ||     1
  Eat: Chunk             |     2 |     4 ||     6
Armor: Animal skin       |    16 |    22 ||    38
Dodge: Dodged            |    59 |    64 ||   123

Table legend:
 A = Spawn XP
 B = Non-spawn XP
 C = Spawn XP percentage of total XP
 D = Spawn monster count
 E = Non-spawn monster count
 F = Spawn count percentage of total count
 G = Total turns spent on level
                    A         B        C        D         E        F      G
               +---------+---------+-------+---------+---------+-------+---------
         Total |       0 |     232 |   0.0 |       0 |      84 |   0.0 |  2336
               +---------+---------+-------+---------+---------+-------+---------
           D:1 |       0 |      89 |   0.0 |       0 |      38 |   0.0 |   994
           D:2 |       0 |      82 |   0.0 |       0 |      25 |   0.0 |   616
           D:3 |       0 |      61 |   0.0 |       0 |      21 |   0.0 |   689
               +---------+---------+-------+---------+---------+-------+---------
